 Dungeon Crawl Stone Soup version 0.32-a0-560-g4c7f4391e0 (webtiles) character file.

Game seed: 2801308317063379585

5546 IdlyInterested the Covert (level 10, -20/79 (82) HPs)
             Began as a Demonspawn Fighter on Feb 28, 2024.
             Was an Initiate of Hepliaklqana.
             Hit by a large rock thrown by a cyclops (34 damage)
             ... on level 8 of the Dungeon on Feb 29, 2024.
             The game lasted 00:28:23 (6426 turns).

IdlyInterested the Covert (Demonspawn Fighter)      Turns: 6426, Time: 00:28:24

HP:   -20/79 (82)   AC: 13    Str: 21    XL:     10   Next: 43%
MP:   3/3           EV: 17    Int:  8    God:    Hepliaklqana [......]
Gold: 402           SH:  5    Dex: 18    Spells: 9/9 levels left

rFire   . . .        V - +0 short sword (antimagic)
rCold   + . .        b - +0 buckler
rNeg    + . .        s - +0 ring mail of Chimes {rC+ rN+ Dex+3}
rPois   .            H - +1 hat
rElec   .            Q - +2 cloak
rCorr   .            (no gloves)
SInv    .            (no boots)
Will    .....        v - amulet of regeneration
Stlth   +++++        B - +4 ring of protection
HPRegen 1.13/turn    w - +5 ring of evasion
MPRegen 0.08/turn

%: no passive effects
@: lightly drained
A: hooves 2, thin skeletal structure 1, demonic guardian 1, powered by pain 1
a: Renounce Religion


You were on level 8 of the Dungeon.
You worshipped Hepliaklqana.
Hepliaklqana was noncommittal.
You visited 2 branches of the dungeon, and saw 9 of its levels.

You collected 402 gold pieces.

Inventory:

Hand Weapons
 f - a +0 short sword
 m - a +0 short sword of protection
 o - a +2 dagger of venom
 V - a +0 antimagic short sword (weapon)
Missiles
 c - 2 throwing nets
 g - 73 stones (quivered)
 r - a curare-tipped dart
 x - 12 boomerangs
 z - 11 poisoned darts
Armour
 b - a +0 buckler (worn)
 h - +0 steam dragon scales
 s - the +0 ring mail of Chimes (worn) {rC+ rN+ Dex+3}
   (You found it on level 2 of the Dungeon)

   Dex+3:     It affects your dexterity (+3).
   rC+:       It protects you from cold.
   rN+:       It protects you from negative energy.
 E - a +0 helmet
 H - a +1 hat (worn)
 Q - a +2 cloak (worn)
Magical Staves
 e - a staff of cold
 u - a staff of alchemy
 I - a staff of air
Jewellery
 a - a ring of positive energy
 n - a ring of resist corrosion
 p - a +6 ring of intelligence
 v - an amulet of regeneration (around neck)
 w - a +5 ring of evasion (right hand)
 B - a +4 ring of protection (left hand)
 L - an amulet of the acrobat
 U - an amulet of reflection
 X - a +5 ring of evasion
Talismans
 D - a beast talisman
Wands
 k - a wand of mindburst (18)
 F - a wand of polymorph (9)
 T - a wand of warping (14)
Scrolls
 j - 2 scrolls of silence
 l - 2 scrolls of identify
 t - a scroll of enchant weapon
 y - a scroll of noise
 A - a scroll of teleportation
 C - 2 scrolls of blinking
 G - a scroll of poison
 J - a scroll of revelation
 K - 3 scrolls of fear
 M - a scroll of summoning
 O - 2 scrolls of vulnerability
 P - a scroll of amnesia
Potions
 d - 4 potions of curing
 i - 2 potions of enlightenment
 q - a potion of heal wounds {unknown}
 N - a potion of attraction {unknown}
 R - a potion of degeneration {unknown}
 S - a potion of mutation {unknown}


   Skills:
 - Level 8.8 Fighting
 + Level 5.3 Short Blades
 - Level 3.0 Throwing
 - Level 3.0 Armour
 - Level 3.0 Dodging
 * Level 9.2 Stealth
 - Level 3.0 Shields
 - Level 2.0 Unarmed Combat
 + Level 1.3 Invocations
 - Level 3.0 Evocations
 - Level 3.0 Shapeshifting


You had 9 spell levels left.
You didn't know any spells.
Your spell library contained the following spells:

 Spells                   Type           Power      Damage    Failure   Level
 Apportation              Tloc           0%         N/A       65%         1
 Magic Dart               Conj           0%         1d3       65%         1
 Necrotise                Necr           0%         1d4       65%         1
 Sting                    Conj/Alch      0%         1d3       65%         1
 Summon Small Mammal      Summ           0%         N/A       65%         1
 Blink                    Tloc           0%         N/A       78%         2
 Call Imp                 Summ           0%         N/A       78%         2
 Mercury Vapours          Alch/Air       0%         N/A       78%         2
 Mephitic Cloud           Conj/Alch/Air  0%         N/A       95%         3
 Summon Ice Beast         Ice/Summ       0%         N/A       95%         3
 Tukima's Dance           Hex            0%         N/A       95%         3
 Passage of Golubria      Tloc           0%         N/A       100%        4
 Freezing Cloud           Conj/Ice/Air   0%         6-21      100%        5
 Summon Mana Viper        Hex/Summ       0%         N/A       100%        5
 Yara's Violent Unravell  Hex/Alch       0%         3d3       100%        5
 Monstrous Menagerie      Summ           0%         N/A       100%        7


Dungeon Overview and Level Annotations

Branches:
Dungeon (8/15)             Temple (1/1) D:7
   Lair: D:8-11

Altars:
Ashenzari
Cheibriados
Dithmenos
Fedhas
Gozag
Hepliaklqana
Makhleb
Nemelex Xobeh
Okawaru
Qazlal
Ru
Trog
Uskayaw
Yredelemnul

Portals:
Abyss: D:3

Annotations:
D:8 1 transporter, exclusion: ice statue, horus123's ghost, novice MDMo


Innate Abilities, Weirdness & Mutations

You have hoof-like feet.
You have a somewhat thin skeletal structure. (Dex +2, Stealth+)
A weak demonic guardian rushes to your aid.
You sometimes gain a little power by taking damage.


Message History

Your orange demon looks drowsy...
There are monsters nearby!
Unknown command.
Horus123's ghost hits your orange demon!!
Your orange demon barely misses horus123's ghost.
Your orange demon hits horus123's ghost but does no damage.
Horus123's ghost hits your orange demon!!
Your orange demon stings horus123's ghost but does no damage.
Your orange demon hits horus123's ghost but does no damage.
Horus123's ghost hits your orange demon.
Your orange demon closely misses horus123's ghost.
Your orange demon hits horus123's ghost but does no damage.
Horus123's ghost hits your orange demon!
Your orange demon dies!
Your orange demon disappears in a puff of smoke!
There is a transporter landing site, spattered with blood here.
Things that are here:
41 gold pieces; a +0 shortbow You hit horus123's ghost.
Horus123's ghost's magic leaks into the air.
Your kick misses horus123's ghost.
Horus123's ghost is heavily damaged.
Horus123's ghost hits you.
* * * LOW HITPOINT WARNING * * *
You hit horus123's ghost.
Horus123's ghost's magic leaks into the air.
Your kick misses horus123's ghost.
Horus123's ghost is heavily damaged.
You block horus123's ghost's attack.
You hit horus123's ghost but do no damage.
Horus123's ghost is heavily damaged.
You hit horus123's ghost.
Horus123's ghost's magic leaks into the air.
Your kick misses horus123's ghost.
Horus123's ghost is heavily damaged.
Horus123's ghost hits you!
* * * LOW HITPOINT WARNING * * *
The cyclops throws a large rock.
The large rock hits you!!
You die...
Hepliaklqana delivers you to your ancestors.

.......#####.......##............
#.....##...##.......<...#........
#....##.###.##...##.....##.)..#..
....##~$..~..##.........###......
...##I.....~.ß##.........#...#...
..##..#.# #.#.~##...........##.#.
.##....## .#.~.C##..###....##....
.#.#~.##...##..#W#..#.........)))
.#©#c.#/....#..#@#.............#.
.#.#C.##...##..#.#..........####.
.##..~$.#$##...C##...........##..
..##~z#.###.#~o##................
...##ß.~.~$~oß##..#..............
#...##.$.$~..##..##..............
.....##.###.##...###.............
...[..##...##....)##.......<.....
###....#####......))......##.....


You could see 2 cyclopes, an orc wizard and horus123's ghost (magic disrupted).

Vanquished Creatures
  Pikel (D:6)
  Joseph (D:8)
  The ghost of DiddlyDoom the Chopper, an amateur MDBe of Trog (D:3)
  2 steam dragons
  Grum (D:8)
  Edmund (D:6)
  A sky beast (D:7)
  An ice beast (D:7)
  A black bear (D:4)
  4 wolves (D:8)
  2 ogres
  5 centaurs
  2 kobold brigands
  Blork the orc (D:6)
  4 bullfrogs
  2 scorpions
  8 wights (D:8)
  11 killer bees (D:8)
  A howler monkey (D:7)
  A bombardier beetle (D:7)
  A crimson imp (D:3)
  5 hounds
  2 jellies
  An orc priest (D:4)
  Crazy Yiuf (D:5)
  A quasit (D:3)
  3 gnoll boudas
  2 sleepcaps (D:5)
  Terence (D:3)
  4 iguanas
  An orc wizard (D:4)
  14 gnolls
  10 adders
  3 ufetubi
  2 dart slugs
  3 ribbon worms
  16 orcs
  8 endoplasms
  3 giant cockroaches
  8 goblins
  6 hobgoblins
  17 kobolds
  4 quokkas
  5 ball pythons
  5 bats
  3 frilled lizards (D:2)
  4 rats
184 creatures vanquished.

Vanquished Creatures (collateral kills)
  The ghost of lunkers the Geomancer, a novice MDEE (D:4)
  A hobgoblin (D:2)
  A kobold (D:1)
3 creatures vanquished.

Vanquished Creatures (others)
  A killer bee (D:8)
1 creature vanquished.

Grand Total: 188 creatures vanquished

Notes
Turn   | Place    | Note
-------+----------+-------------------------------------------
     0 | D:1      | IdlyInterested the Demonspawn Fighter began the quest for
                  | the Orb.
     0 | D:1      | Reached XP level 1. HP: 18/18 MP: 1/1
   161 | D:1      | Gained mutation: A weak demonic guardian rushes to your
                  | aid. [demonic ancestry]
   161 | D:1      | Reached XP level 2. HP: 24/24 MP: 2/2
   759 | D:2      | Reached XP level 3. HP: 21/30 MP: 3/3
  1311 | D:2      | Identified the +0 ring mail of Chimes {rC+ rN+ Dex+3}
  1340 | D:2      | Reached XP level 4. HP: 37/37 MP: 4/4
  1455 | D:2      | Reached skill level 1 in Stealth
  1583 | D:3      | Found a transporter.
  1617 | D:3      | Noticed Terence
  1629 | D:3      | Killed Terence
  1692 | D:3      | Noticed DiddlyDoom's ghost (amateur MDBe)
  2022 | D:3      | Found a one-way gate to the infinite horrors of the Abyss.
  2023 | D:3      | Found a transporter.
  2084 | D:3      | Reached skill level 2 in Stealth
  2096 | D:3      | Gained mutation: You have large cloven feet. [demonic
                  | ancestry]
  2096 | D:3      | Reached XP level 5. HP: 43/43 MP: 5/5
  2255 | D:3      | Killed DiddlyDoom's ghost
  2256 | D:3      | Reached skill level 3 in Stealth
  2256 | D:3      | Gained mutation: You sometimes gain a little power by
                  | taking damage. [demonic ancestry]
  2256 | D:3      | Reached XP level 6. HP: 33/52 MP: 6/6
  2279 | D:3      | Reached skill level 1 in Throwing
  2393 | D:4      | Reached skill level 1 in Evocations
  2393 | D:4      | Gained mutation: You have hoof-like feet. [demonic
                  | ancestry]
  2393 | D:4      | Reached XP level 7. HP: 49/59 MP: 7/7
  2662 | D:4      | Reached skill level 1 in Dodging
  2680 | D:4      | Found a runed translucent gate.
  2680 | D:4      | Found a runed translucent gate.
  2680 | D:4      | Found a runed translucent gate.
  2681 | D:4      | Noticed lunkers's ghost (novice MDEE)
  2853 | D:4      | Reached skill level 1 in Shapeshifting
  3382 | D:4      | Killed lunkers's ghost
  3383 | D:4      | Gained mutation: You have a somewhat thin skeletal
                  | structure. (Dex +2, Stealth+) [demonic ancestry]
  3383 | D:4      | Reached XP level 8. HP: 66/70 MP: 8/8
  3453 | D:5      | Entered Level 5 of the Dungeon
  3622 | D:5      | Reached skill level 1 in Short Blades
  3759 | D:5      | Reached skill level 4 in Stealth
  3850 | D:5      | Found a broken altar of Ashenzari.
  4017 | D:5      | Found a runed translucent door.
  4018 | D:5      | Noticed Crazy Yiuf
  4026 | D:5      | Killed Crazy Yiuf
  4086 | D:6      | Noticed Pikel
  4102 | D:6      | Killed Pikel
  4103 | D:6      | Reached skill level 5 in Stealth
  4103 | D:6      | Reached XP level 9. HP: 74/75 MP: 9/9
  4270 | D:6      | Found a hide-covered altar of Uskayaw.
  4270 | D:6      | Noticed Edmund
  4280 | D:6      | Killed Edmund
  4281 | D:6      | Reached skill level 6 in Stealth
  4338 | D:6      | Noticed Blork the orc
  4351 | D:6      | Killed Blork the orc
  4774 | D:7      | Reached skill level 7 in Stealth
  5508 | D:7      | Found a staircase to the Ecumenical Temple.
  5517 | Temple   | Entered the Ecumenical Temple
  5568 | Temple   | Became a worshipper of Hepliaklqana the Forgotten
  5579 | D:7      | Upgraded the game from 0.32-a0-540-g866d13106e to
                  | 0.32-a0-560-g4c7f4391e0
  5669 | D:8      | Found a transporter.
  5674 | D:8      | Noticed Joseph
  5685 | D:8      | Identified the +1 leather armour "Esow" {*Corrode ^Drain
                  | rN+ Str+4}
  5697 | D:8      | Noticed Grum
  5704 | D:8      | Killed Joseph
  5705 | D:8      | Reached skill level 8 in Stealth
  5705 | D:8      | Reached XP level 10. HP: 64/82 MP: 10/10
  5746 | D:8      | Killed Grum
  5758 | D:8      | Noticed a cyclops
  5771 | D:8      | Reached skill level 5 in Short Blades
  5781 | D:8      | Noticed horus123's ghost (novice MDMo)
  6016 | D:8      | Reached skill level 9 in Stealth
  6082 | D:8      | Noticed a cyclops
  6244 | D:8      | Noticed an ice statue
  6246 | D:8      | Found a transporter.
  6289 | D:8      | Found a bloodstained altar of Trog.
  6374 | D:8      | Reached skill level 1 in Invocations
  6426 | D:8      | Hit by a large rock thrown by a cyclops

Illustrated notes

Levels and vault maps discovered:
D:1:      eino_arrival_druids_welcome, layout_basic, grunt_decor_cap
D:2:      layout_basic
D:3:      layout_loops_ring, gammafunk_ghost_abyssal_escape, uniq_terence
D:4:      layout_basic, ebering_ghost_rock_garden, st_stairs_7,
          kennysheep_generic_room_7
D:5:      layout_cave_pools, nicolae_ashenzari_skybound, uniq_crazy_yiuf_cottage
D:6:      layout_loops_cross, nicolae_uskayaw_murder_on_the_dancefloor,
          uniq_edmund, uniq_blork_the_orc, uniq_pikel
D:7:      layout_basic, minmay_temple_entry_junction
D:8:      layout_cave_pools, trog_hazing_becter, nzn_ghost_randoct, uniq_joseph,
          uniq_grum
Temple:   zaba_magenta_temple

Skill      XL: |  1  2  3  4  5  6  7  8  9 10 |
---------------+-------------------------------+-----
Unarmed Combat | 2 |  2.0
Armour         | 3 |  3.0
Fighting       | 4 6 8 |  8.8
Shields        | 3 |  3.0
Stealth        | 2 3 5 8 9 |  9.2
Throwing       | 1 3 |  3.0
Evocations     | 1 3 |  3.0
Dodging        | 3 |  3.0
Shapeshifting  | 1 2 3 |  3.0
Short Blades   | 2 4 5 |  5.3
Invocations    | 1 |  1.3

Action                     |  1- 3 |  4- 6 |  7- 9 | 10-12 || total
---------------------------+-------+-------+-------+-------++-------
  Melee: Unarmed           |   176 |       |       |       ||   176
         Dagger            |    12 |    96 |   201 |   114 ||   423
         Kick              |       |    14 |   141 |    49 ||   204
         Spear             |       |       |   149 |       ||   149
         Short sword       |       |       |       |    48 ||    48
  Throw: Stone             |       |     9 |    20 |     6 ||    35
    Use: Scroll            |       |     4 |     6 |       ||    10
         Potion            |       |     1 |     4 |       ||     5
   Stab: Sleeping          |       |       |    10 |     2 ||    12
         Distracted        |       |       |     4 |       ||     4
         Invisible         |       |       |     4 |     3 ||     7
 Armour: Scale mail        |   116 |       |       |       ||   116
         Ring mail         |     2 |    53 |   135 |    92 ||   282
  Dodge: Dodged            |    64 |    58 |   247 |   121 ||   490
  Block: Buckler           |    43 |    26 |    68 |    59 ||   196

Table legend: (Time is in decaauts)
 A = Elapsed time spent in this place.
 B = Non-inter-level travel time spent in this place.
 C = Inter-level travel time spent in this place.
 D = Time resting spent in this place.
 E = Time spent auto-exploring this place.
 F = Levels seen in this place.
 G = Mean time per level.
                   A        B        C        D        E       F      G
               +--------+--------+--------+--------+--------+-----+--------+
         Total |   6381 |   5935 |    446 |    402 |   3645 |   9 |  709.0 |
       Dungeon |   6325 |   5932 |    393 |    402 |   3645 |   8 |  790.6 |
        Temple |     55 |      2 |     53 |      0 |      0 |   1 |   55.0 |
               +--------+--------+--------+--------+--------+-----+--------+

Top non-repeatable levels by time:
     D:4: 1103 daAuts
     D:3: 858 daAuts
     D:7: 825 daAuts
     D:8: 772 daAuts
     D:2: 757 daAuts
     D:1: 746 daAuts
     D:6: 630 daAuts
     D:5: 630 daAuts
  Temple: 55 daAuts
